[Event "*** SCC Grand Prix: Titled Tuesday Blitz"]
[Site "Chess.com"]
[Date "2020.06.02"]
[Round "10"]
[White "Korchmar_Vasiliy"]
[Black "JSMastropiero"]
[Result "0-1"]
[WhiteElo "2586"]
[BlackElo "2464"]
[TimeControl "180+1"]
[EndTime "12:00:07 PDT"]
[Termination "JSMastropiero won on time"]

1. d4 Nf6 2. c4 c5 3. d5 b5 4. cxb5 a6 5. bxa6 g6 6. Nc3 Bxa6 7. e4 Bxf1 8. Kxf1 d6 9. Nf3 Bg7 10. g3 O-O 11. Kg2 Qb6 12. Qe2 Qb7 13. Rd1 Na6 14. e5 dxe5 15. Nxe5 e6 16. Qf3 Nxd5 17. Nxd5 exd5 18.
Rxd5 Nb4 19. Rxc5 Qxf3+ 20. Nxf3 Nd3 21. Rd5 Nxc1 22. Rxc1 Bxb2 23. Rc2 Rfb8 24. Ne5 Bxe5 25. Rxe5 Ra3 26. Re7 Rba8 27. Rcc7 Rf8 28. Ra7 Ra8 29. Re8+ Rxe8 30. Rxa3 Re2 31. g4 Kg7 32. Ra6 Rb2 33. a4 Ra2 34. Kg3 g5 35. a5 Ra3+ 36. f3 f6 37. Ra7+ Kg6 38. a6 h5 39. gxh5+ Kxh5 40. Ra8 Kg6 41. a7 Kg7 42. Kg4 Ra5 43. Kg3 Ra4 44. Kf2 Ra3 45. Ke2 Kh7 46. h3 Kg7 47. Kd2 Kh7 48. Ke1 Kg7 49. Kf2 Kh7 50.
Kg2 Kg7 51. Kg3 Ra4 52. Kf2 Ra3 53. Ke2 Kh7 54. Kd1 Ra2 55. Kc1 Kg7 56. Kb1 Ra6 57. Kb2 Ra4 58. Kb3 Ra1 59. Kc4 Rc1+ 60. Kb5 Rb1+ 61.
Kc6 Rc1+ 62. Kb6 Rb1+ 63. Kc7 Rc1+ 64. Kd7 Rd1+ 65. Ke6 Ra1 66. Kf5 Ra5+ 67. Ke6 Ra6+ 68. Ke7 Ra1 69. Ke8 Kg6 70. Kf8 Kf5 71. Kg8 Ra6 72. Kf7 Ra1 73. Kg7 Ra6 0-1

[Event "*** SCC Grand Prix: Titled Tuesday Blitz"]
[Site "Chess.com"]
[Date "2020.06.02"]
[Round "10"]
[White "Pechen_Yeltsina"]
[Black "IwkooO"]
[Result "0-1"]
[WhiteElo "2707"]
[BlackElo "2599"]
[TimeControl "180+1"]
[EndTime "12:00:08 PDT"]
[Termination "IwkooO won by checkmate"]

1. e4 c5 2. Nf3 e6 3. g3 d5 4. exd5 exd5 5. Bg2 Nf6 6. O-O Be7 7. d4 cxd4 8. Nxd4 Nc6 9. c4 O-O 10. cxd5 Nxd5 11. Nxc6 bxc6 12. Nd2 Ba6 13. Re1 Nb4 14. Nb3 Qxd1 15. Rxd1 Bf6 16. Bd2 Nd5 17. Rac1 Bb5 18. Rc2 Ba4 19. Bc1 Rfe8 20. Bxd5 cxd5 21. Rxd5 Re1+ 22. Kg2 h6 23. Be3 a6 24. Ra5 Bb5 25. a4 Bf1+ 26. Kf3 Re8 27. Rac5 Bd3 28. Rc8 Be4+ 29.
Kg4 h5+ 30. Kxh5 Bf3+ 31. g4 Kh7 32. Bg5 R8e5 33. R2c5 g6+ 34. Kh4 Bxg5+ 35. Kg3 Bd5 36. h4 Bxb3 37. hxg5 Rxc5 38. Rxc5 Bxa4 39. Rc7 Kg7 40.
Ra7 Bb5 41. Rc7 Re2 42. b3 Rb2 43. Rc3 Bd7 44. f3 Be6 45. Rc6 Rxb3 46. Rxa6 Bd5 47. Rf6 Kf8 48. Kf2 Ke7 49. Rf4 Kd6 50. Kg3 Rc3 51.
Rf6+ Ke5 52. Rf4 Rc4 53. Rf6 Be6 54. f4+ Ke4 55. f5 gxf5 56. gxf5 Rc3+ 57. Kf2 Bc4 58. g6 Rf3+ 59. Kg2 fxg6 60. Rxg6 Rxf5 61. Rg4+ Kd5 62.
Rg7 Bd3 63. Rd7+ Ke4 64. Rg7 Kf4 65. Rg3 Be4+ 66. Kf2 Rh5 67. Ra3 Rh2+ 68. Ke1 Rb2 69. Kd1 Ke5 70. Kc1 Rc2+ 71. Kd1 Rh2 72. Ra4 Kf4 73. Ra3 Ke5 74. Ra4 Bc2+ 75. Kc1 Bxa4 76. Kb1 Bc6 77. Kc1 Kd4 78. Kb1 Kc3 79. Ka1 Kb3 80. Kb1 Rh1# 0-1

[Event "*** SCC Grand Prix: Titled Tuesday Blitz"]
[Site "Chess.com"]
[Date "2020.06.02"]
[Round "10"]
[White "Jumbo"]
[Black "GukeshDommaraju"]
[Result "1-0"]
[WhiteElo "2845"]
[BlackElo "2690"]
[TimeControl "180+1"]
[EndTime "12:00:11 PDT"]
[Termination "Jumbo won on time"]

1. d4 d5 2. Bf4 Nf6 3. e3 e6 4. Nf3 Bd6 5. Bg3 O-O 6. c4 c5 7.
dxc5 Bxc5 8. Nc3 Nc6 9. a3 a6 10. Bh4 Be7 11. Qc2 Qa5 12. Bd3 Nb4 13. Qd1 Nxd3+ 14.
Qxd3 dxc4 15. Qxc4 b5 16. b4 Qxa3 17. Rxa3 bxc4 18.
Na2 Bb7 19. Ke2 Rfd8 20. Rc1 Rac8 21. Ne5 h6 22. f3 g5 23. Be1 Bd5 24. e4 Bb7 25.
Rxc4 Rxc4 26. Nxc4 Rc8 27. Ne3 Nd7 28. Rc3 Nb6 29.
Rxc8+ Bxc8 30. Bc3 Bd7 31. Bd4 Bb5+ 32. Kf2 Nc4 33. Nc2 Ba4 34. Ne1 Bb3 35. Nc1 Ba4 36.
Ned3 Bb5 37. Bc5 Bd8 38. Nb3 Na3 39. Ne1 Bf6 40. Bd4 Bd8 41. Bc5 Nc4 42. Nd4 Bd7 43.
Nd3 e5 44. Nc2 f6 45. Ne3 Bb5 46. Ne1 Nb2 47. Nf5 h5 48. h4 gxh4 49. Nxh4 Nd1+ 50. Kg1 Kf7 51. Nf5 Nc3 52. Nc2 Ne2+ 53. Kh2 Nf4 54. Nce3 Be2 55. Bd6 Nd3 56. Nd5 Ke6 57. Bf8 Ne1 58. Kg1 Nd3 59. Bd6 Bd1 60. Bf8 Bb3 61. Nde3 Bb6 62. Kh2 Kf7 63. Bd6 Ke6 64. Bf8 Ne1 65.
Nf1 Bc4 66. N1g3 Bf2 67. Nxh5 Bf1 68. Nhg7+ Kf7 69. Bc5 Bxc5 70. bxc5 Bxg2 71. c6 1-0

[Event "*** SCC Grand Prix: Titled Tuesday Blitz"]
[Site "Chess.com"]
[Date "2020.06.02"]
[Round "10"]
[White "GMBenjaminBok"]
[Black "Semen_Khanin"]
[Result "0-1"]
[WhiteElo "2883"]
[BlackElo "2729"]
[TimeControl "180+1"]
[EndTime "12:00:12 PDT"]
[Termination "Semen_Khanin won on time"]

1. d4 Nf6 2. Nf3 e6 3. c4 Bb4+ 4. Nbd2 O-O 5. a3 Be7 6. e4 d6 7.
Be2 Nfd7 8. Nf1 e5 9. d5 a5 10. b3 Nc5 11. Ng3 a4 12. b4 Nb3 13. Rb1 Nxc1 14.
Rxc1 g6 15. c5 Nd7 16. c6 bxc6 17. Rxc6 Bb7 18. Rc3 f5 19. exf5 gxf5 20. Qc2 f4 21. Rxc7 Bxd5 22. Bc4 Nb6 23. Bxd5+ Nxd5 24. Rc6 fxg3 25. hxg3 Nf6 26. Ng5 e4 27. Nxe4 Qe8 28.
O-O Qg6 29. Re1 d5 30. Nxf6+ Rxf6 31. Qxg6+ hxg6 32. Rc7 Bf8 33. Rd7 Rd6 34. Rxd6 Bxd6 35. Rd1 Kf7 36. Rxd5 Ke6 37. Rd3 Be5 38. f4 Bb2 39.
Kf2 Rc8 40. Ke3 Rc3 41. Rxc3 Bxc3 42. Kd3 Bb2 43. Kc4 Bxa3 44. Kb5 Kd5 45. Kxa4 Bc1 46. b5 Bd2 47. b6 Kc6 48. b7 Kxb7 49. Kb5 Be1 50. g4 Kc7 51. Kc5 Bg3 52. f5 g5 53.
Kd5 Kd7 54. Kc5 Bf4 55. Kd5 Bd6 56. Ke4 Be7 57. Kd5 Bf6 58. Kc5 Bb2 59. Kd5 Ke7 60.
Kc5 Kf6 61. Kd5 Ba3 62. Ke4 Bc5 63. Kd5 Bf2 64. Ke4 Be1 65. Kd5 Ke7 66. Ke5 Bc3+ 67.
Kd5 Kd7 68. Kc5 Be5 69. Kd5 Bd6 70. Ke4 Kc6 71. Kd4 Bf4 72. Ke4 Kd6 73. Kd4 Be5+ 74.
Ke4 Bf6 75. Ke3 Ke5 76. g3 Be7 0-1

[Event "*** SCC Grand Prix: Titled Tuesday Blitz"]
[Site "Chess.com"]
[Date "2020.06.02"]
[Round "10"]
[White "Vaathi_Coming"]
[Black "Rish_97"]
[Result "1/2-1/2"]
[WhiteElo "2845"]
[BlackElo "2645"]
[TimeControl "180+1"]
[EndTime "12:00:12 PDT"]
[Termination "Game drawn by stalemate"]

1. Nf3 d5 2. g3 g6 3. d4 Bg7 4. Bg2 Nf6 5. O-O O-O 6. c4 dxc4 7. Na3 c5 8. Nxc4 Be6 9. Nfe5 cxd4 10. Bxb7 Bd5 11. Bxa8 Bxa8 12. Nf3 Nc6 13. Bf4 Qd5 14. Nce5 Nxe5 15. Bxe5 d3 16. Re1 Qe4 17. Bc3 dxe2 18. Qxe2 Qxf3 19. Qxf3 Bxf3 20. Rxe7 a5 21. Re3 Ba8 22.
Rd1 Nd5 23. Red3 Nxc3 24. bxc3 Be4 25. Re3 Bf5 26. Rd5 Ra8 27. a4 Bc2 28. Re2 Bxa4 29. Ra2 Be8 30. Rdxa5 Rxa5 31. Rxa5 Bxc3 32. Ra7 Kf8 33.
h4 h5 34. Rc7 Be5 35. Ra7 Bd6 36. Kg2 Bc6+ 37. Kg1 Be7 38. Rc7 Bd5 39. Rd7 Be6 40. Ra7 Bd6 41. Ra6 Be5 42. Ra5 Bd4 43. Ra4 Bc3 44.
Ra3 Bb2 45. Ra7 Kg7 46. Rb7 Be5 47. Ra7 Kf6 48. Ra6 Kf5 49. Ra4 f6 50. Rb4 g5 51.
hxg5 fxg5 52. Rb5 Kf6 53. Kg2 h4 54. gxh4 gxh4 55. Rb6 Kf5 56. Kh3 Bf6 57. f4 Bd8 58. Rd6 Be7 59. Rxe6 Kxe6 60. f5+ Kf7 61. Kg2 Bf6 62. Kh1 Kg7 63. Kg2 Kh6 64. Kh3 Kh5 65. Kg2 Kg4 66. Kh1 Kh3 67. Kg1 Kg3 68. Kh1 Kg4 69.
Kg2 h3+ 70. Kh2 Kh4 71. Kh1 Kg3 72. Kg1 Bd4+ 73. Kh1 Kf4 74. f6 Bxf6 75. Kh2 Kg4 76. Kh1 Bd4 77. Kh2 Kh4 78. Kh1 Kg4 79. Kh2 Be3 80. Kh1 Kg3 1/2-1/2

[Event "*** SCC Grand Prix: Titled Tuesday Blitz"]
[Site "Chess.com"]
[Date "2020.06.02"]
[Round "10"]
[White "Panterov"]
[Black "MariaFominykh"]
[Result "1-0"]
[WhiteElo "2144"]
[BlackElo "2253"]
[TimeControl "180+1"]
[EndTime "12:00:13 PDT"]
[Termination "Panterov won on time"]

1. e4 e6 2. b3 d5 3. Bb2 dxe4 4. Nc3 Nf6 5. Qe2 Bb4 6. O-O-O Bxc3 7. dxc3 Qe7 8. g4 h6 9. Bg2 Nbd7 10. h4 Nc5 11.
c4 Bd7 12. g5 hxg5 13. hxg5 Rxh1 14. gxf6 gxf6 15. Bxh1 f5 16. f3 exf3 17. Nxf3 O-O-O 18. Ba3 Nxb3+ 19. Kb2 Qf6+ 20. Qe5 Qxe5+ 21. Nxe5 Na5 22. Be7 Re8 23. Rxd7 Nxc4+ 24. Nxc4 Kxd7 25. Bf6 c6 26. Ne5+ Kc7 27. Nxf7 Rf8 28. Be5+ Kd7 29. Nd6 b5 30. Kc3 Rg8 31. Nb7 Rg1 32. Nc5+ Ke7 33. Bxc6 Re1 34. Kd4 Rd1+ 35. Nd3 Ra1 36. Bxb5 Rxa2 37. c4 a6 38. Nb4 Rd2+ 39. Ke3 Rd1 40. Nxa6 Re1+ 41. Kd4 Re4+ 42. Kd3 Rxe5 43. Nb4 Rc5 44. Kd4 Rc8 45. c5 Kf6 46. Bd7 e5+ 47. Kd5 Rf8 48. c6 e4 49. c7 e3 50. Nd3 e2 51. c8=Q Rxc8 52. Bxc8 f4 53. Ke4 f3 54. Kxf3 Ke7 55. Kxe2 Kd6 56. Bf5 Kd5 57. Ke3 Kd6 58. Ke4 Kc6 59. Kd4 Kd6 60.
Bg4 Kc6 61. Ne5+ Kd6 62. Bh3 Ke7 63. Kd5 Kf6 64. Nd3 Ke7 65. Ke5 Kf7 66. Nf4 Ke7 67. Be6 Kf8 68. Kf6 Ke8 69. Nd5 Kf8 70. Nf4 Ke8 71.
Ng6 Kd8 72. Ke5 Ke8 73. Kd5 Kd8 74. Kd6 Ke8 75. Bd5 Kd8 76. Bf7 Kc8 77. Bd5 Kd8 78. Bc6 Kc8 79. Ne5 Kd8 80. Nf7+ Kc8 81. Kc5 Kb8 82.
Kb6 Kc8 83. Be8 Kb8 84. Bd7 Ka8 85. Ne5 Kb8 86. Nc4 Ka8 87. Ne3 Kb8 88. Nd5 Ka8 89.
Nc7+ Kb8 90. Na6+ 1-0

[Event "*** SCC Grand Prix: Titled Tuesday Blitz"]
[Site "Chess.com"]
[Date "2020.06.02"]
[Round "10"]
[White "NemtsevIgor"]
[Black "Kapibara_Warri0r"]
[Result "1-0"]
[WhiteElo "2284"]
[BlackElo "2118"]
[TimeControl "180+1"]
[EndTime "12:00:13 PDT"]
[Termination "NemtsevIgor won on time"]

1. d4 Nf6 2. Bf4 g6 3. e3 Bg7 4. Nf3 d6 5. Be2 Nh5 6. Bg5 h6 7. Bh4 g5 8. Nfd2 Nf6 9. Bg3 c5 10. c3 O-O 11. h4 Nh7 12. hxg5 Nxg5 13. Nf3 Ne4 14. Bf4 cxd4 15. cxd4 Qa5+ 16. Nc3 Nxc3 17. bxc3 Qxc3+ 18. Kf1 Be6 19. Rc1 Qa5 20. Bxh6 Bf5 21.
Qb3 Nd7 22. e4 Bxe4 23. Bxg7 Kxg7 24. Qe3 Bg6 25. Qh6+ Kf6 26. Qh4+ Kg7 27. Qh6+ Kf6 28. Qf4+ Qf5 29. Qh4+ Kg7 30. Qh6+ Kf6 31. Nh4 Qg5 32.
Nxg6 Qxh6 33. Rxh6 fxg6 34. Rc7 Nb6 35. Rxb7 Nd5 36.
Bf3 Nf4 37. g3 Ne6 38. Rh4 g5 39. Re4 Rfb8 40. Rb3 Rxb3 41. axb3 Rb8 42. Re3 Nxd4 43. Bd5 e6 44. Bc4 d5 45. Ba6 Rxb3 46. Re1 Rb2 47. Ra1 Nc2 48. Ra5 Rb1+ 49. Kg2 Nd4 50. Bd3 Rb2 51. Bh7 Rb7 52. Ra6 Rc7 53. Bd3 Rc3 54. Bb1 Rc1 55. Ba2 Rc2 56. Bxd5 Rb2 57. Be4 Re2 58. Bd3 Rd2 59. Bc4 Rc2 60. Bf1 Rc7 61.
Ra4 Rd7 62. Bc4 e5 63. Ra6+ Ke7 64. f3 Rc7 65. Bd5 Rc2+ 66. Kh3 Rc7 67. Kg4 Rc5 68. Be4 Rc7 69. Kxg5 Rd7 70. Rh6 Rc7 71. g4 Kd8 72. Rh8+ Ke7 73. Rh7+ Kd6 74. Rxc7 Kxc7 75. Kf6 a5 76. g5 a4 77. g6 Kd6 78. g7 a3 79.
g8=Q 1-0

[Event "*** SCC Grand Prix: Titled Tuesday Blitz"]
[Site "Chess.com"]
[Date "2020.06.02"]
[Round "10"]
[White "Violord"]
[Black "Savva09022009"]
[Result "0-1"]
[WhiteElo "2589"]
[BlackElo "2429"]
[TimeControl "180+1"]
[EndTime "12:00:19 PDT"]
[Termination "Savva09022009 won on time"]

1. Nf3 Nf6 2. g3 e6 3. Bg2 d5 4. O-O Be7 5. c4 Bf8 6. b3 Be7 7. Bb2 O-O 8. e3 c5 9. Nc3 Nc6 10. d3 b6 11. Qe2 Bb7 12. Rad1 Qc7 13. Nh4 Rad8 14. f4 a6 15. Nf3 d4 16. exd4 cxd4 17. Nb1 Bc5 18. a3 Ng4 19. b4 Be7 20. Bc1 Bf6 21.
Ng5 Ne3 22. Ne4 Nxf1 23. Nxf6+ gxf6 24. Rxf1 Ne7 25. Nd2 Bxg2 26. Qxg2 Nf5 27. Ne4 Qe7 28. Qh3 Kh8 29. g4 Rg8 30. Kh1 Ne3 31. Rg1 f5 32. Bxe3 fxe4 33. Bf2 e3 34. Bh4 Qb7+ 35. Qg2 Qxg2+ 36. Rxg2 Rc8 37. Bf6+ Rg7 38. Rc2 Kg8 39. h3 Rg6 40. g5 h6 41. Kg2 Kh7 42. Kf3 Rxf6 43. gxf6 Kg6 44. Ke4 Rd8 45. c5 bxc5 46.
bxc5 Kxf6 47. c6 Rc8 48. Kxd4 e2 49. Rxe2 Rxc6 50. Re5 Rd6+ 51. Ke4 Rb6 52. Ra5 Ke7 53. h4 f5+ 54. Ke5 h5 55. d4 Rb1 56. d5 Re1+ 57. Kd4 Re4+ 58. Kc5 Rxf4 59. d6+ Kd7 60. Rxa6 Rf1 61.
Ra7+ Kd8 62. d7 Ke7 63. Rb7 Rc1+ 64. Kd4 Rd1+ 65. Ke3 Rxd7 66. Rb6 Ra7 67. Rb3 Ra4 68. Kf3 Kf6 69. Kg3 Ke5 70. Kf3 Rxh4 71. Re3+ Re4 72. a4 Rxe3+ 73. Kxe3 Kd5 74. a5 e5 75. a6 Kc6 76. a7 Kb7 0-1

[Event "*** SCC Grand Prix: Titled Tuesday Blitz"]
[Site "Chess.com"]
[Date "2020.06.02"]
[Round "10"]
[White "marszach123"]
[Black "Fortitudine"]
[Result "0-1"]
[WhiteElo "2126"]
[BlackElo "2270"]
[TimeControl "180+1"]
[EndTime "12:00:21 PDT"]
[Termination "Fortitudine won on time"]

1. e4 c5 2. Nf3 d6 3. d4 cxd4 4.
Nxd4 Nf6 5. Nc3 Nc6 6. Bg5 Bd7 7.
Qd2 Rc8 8. O-O-O Nxd4 9. Qxd4 Qa5 10. f4 Qc5 11. Qd2 h6 12. Bxf6 gxf6 13. f5 h5 14.
Kb1 h4 15. Nd5 Bh6 16. Qd3 a6 17. c3 Bb5 18. Qf3 Bc6 19. Be2 Bxd5 20. Rxd5 Qe3 21. Qxe3 Bxe3 22. Bf3 Bf4 23. h3 Kf8 24. Kc2 Kg7 25.
a4 Rc7 26. Rhd1 Rhc8 27. R5d3 Be5 28. R1d2 Rc4 29. Kb3 Kh6 30. Rd5 Kg5 31. Ka3 Kf4 32. R2d3 R8c7 33. Kb3 b6 34. Rd2 Kg5 35. R5d3 Kf4 36.
Rd5 e6 37. fxe6 fxe6 38. R5d3 Kg5 39. Ka3 b5 40. axb5 axb5 41. Kb3 R7c5 42. Rd1 Kg6 43. Ra1 Rc7 44. Ra6 R4c6 45. Rxc6 Rxc6 46. Kb4 Rc5 47. Rd1 Kg5 48. Ra1 Kf4 49. Ra5 Rc8 50. Rxb5 Rg8 51. Rb7 f5 52. Rf7 Rb8+ 53. Kc4 Kg5 54.
b4 fxe4 55. Bxe4 d5+ 56. Bxd5 exd5+ 57. Kxd5 Bxc3 58. Re7 Bxb4 59. Rg7+ Kf4 60. Rg4+ Ke3 61. Rxh4 Bd2 62. Re4+ Kd3 63. Rd4+ Kc2 64. Rc4+ Bc3 65. Kc5 Kd3 66. Ra4 Rc8+ 67. Kb6 Rg8 68. Ka6 Rxg2 69.
Kb5 Rg5+ 70. Kb6 Rh5 71. Kc7 Rxh3 72. Ra6 Rh7+ 73. Kc8 Rh8+ 74. Kc7 Bd4 75. Kb7 Ke4 76. Re6+ Kd5 0-1

[Event "*** SCC Grand Prix: Titled Tuesday Blitz"]
[Site "Chess.com"]
[Date "2020.06.02"]
[Round "10"]
[White "Omk124"]
[Black "Reader777"]
[Result "0-1"]
[WhiteElo "2444"]
[BlackElo "2600"]
[TimeControl "180+1"]
[EndTime "12:00:24 PDT"]
[Termination "Reader777 won by checkmate"]

1. e4 c5 2. Nf3 d6 3. d4 cxd4 4. Nxd4 Nf6 5. Nc3 e6 6. Bc4 Be7 7.
O-O O-O 8. f4 Nxe4 9. Nxe4 d5 10. Bd3 dxe4 11. Bxe4 Nd7 12. Be3 Nf6 13. Bf3 Nd5 14. Qe2 Nxe3 15. Qxe3 Bd7 16. Rad1 Qc7 17. Rfe1 Rad8 18. Kh1 a6 19. c3 Bd6 20. g3 Rfe8 21.
Qe4 Bc8 22. Nc2 Bc5 23. Ne3 Rxd1 24. Rxd1 Rd8 25. Rxd8+ Qxd8 26. Nc4 b5 27. Ne5 f6 28. Nd3 Bb6 29. Kg2 Qd6 30. a3 g6 31. Qe2 Bd7 32. Nb4 a5 33. Nc2 Qc5 34. Nd4 e5 35. fxe5 fxe5 36.
b4 axb4 37. axb4 Qxc3 38. Nxb5 Qxb4 39. Qxe5 Qd2+ 40. Qe2 Qxe2+ 41. Bxe2 Bc6+ 42. Kh3 Kg7 43. Nc3 Bd4 44. Na2 Bd5 45. Nb4 Be6+ 46. Kg2 Bc5 47. Nd3 Bd6 48. Bf3 Kf6 49. h3 h5 50. h4 Bf5 51.
Nf2 Bc5 52. Nd1 Bd4 53. Nf2 Ke5 54. Nh3 Be6 55. Nf4 Bf5 56. Be2 Be4+ 57. Bf3 Bc2 58. Ne2 Be3 59. Nc3 Kd4 60. Nb5+ Kc5 61. Nc3 Kd4 62.
Ne2+ Ke5 63. Nc1 Bxc1 64. Kf2 Bb2 65. Be2 Bd4+ 66. Kg2 Be4+ 67. Kh3 Bf5+ 68. g4 hxg4+ 69. Bxg4 Kf4 70. Bxf5 gxf5 71. h5 Kg5 72. Kg3 Be5+ 73.
Kf3 Kxh5 74. Ke3 Kg5 75. Kf3 f4 76. Kg2 Kg4 77. Kf2 f3 78. Ke3 Kg3 79. Ke4 f2 80. Kxe5 f1=Q 81. Kd5 Qd3+ 82. Ke5 Kf3 83. Ke6 Kf4 84. Ke7 Kf5 85. Ke8 Kf6 86. Kf8 Qd8# 0-1

[Event "*** SCC Grand Prix: Titled Tuesday Blitz"]
[Site "Chess.com"]
[Date "2020.06.02"]
[Round "10"]
[White "GMKrikor"]
[Black "PotapovaM"]
[Result "0-1"]
[WhiteElo "2703"]
[BlackElo "2459"]
[TimeControl "180+1"]
[EndTime "12:00:25 PDT"]
[Termination "PotapovaM won by resignation"]

1. e4 c5 2. Nf3 d6 3. d4 cxd4 4. Qxd4 Nc6 5. Bb5 Bd7 6. Qd3 g6 7. O-O Bg7 8. c4 Nf6 9. Nc3 O-O 10. Re1 a6 11. Bxc6 Bxc6 12. Bd2 Nd7 13. Rad1 Nc5 14. Qc2 Rc8 15. Be3 Ne6 16. Qb3 Qa5 17. Nd5 Rfe8 18.
Bb6 Qa4 19. Qxa4 Bxa4 20. b3 Bc6 21. h3 h6 22. Re2 Nf8 23. Kf1 Nd7 24. Bd4 b5 25.
Bxg7 Kxg7 26. cxb5 Bxb5 27. Nd4 Bxe2+ 28. Kxe2 a5 29. Rd2 e6 30. Ne3 Rc5 31. f3 Nb6 32. Ndc2 d5 33. exd5 exd5 34. Kf2 Rc3 35. Nd1 Rc5 36.
Nde3 Rec8 37. Nd4 Rc1 38. Ke2 Ra1 39. Nb5 Rcc1 40. g4 Rh1 41. Kd3 Rxh3 42. Rf2 a4 43.
Nd4 axb3 44. axb3 Rhh1 45. Rd2 Rhc1 46. f4 Nd7 47. Ke2 Nc5 48. Kf3 Rc3 49. Re2 Nxb3 50.
Nxb3 Rxb3 51. Kf2 d4 52. Nc2 Ra2 53. Nxd4 Rxe2+ 54. Nxe2 Rb2 55. Kf3 Rb3+ 56. Kf2 h5 57. gxh5 gxh5 58. Nd4 Ra3 59. Nf5+ Kg6 60. Nh4+ Kf6 61.
Kg2 Ke6 62. Kf2 Kd5 63. Nf5 Ke4 64. Ng3+ Kxf4 65. Nxh5+ Kg5 66. Ng3 f5 67. Ne2 Kg4 68. Nd4 f4 69. Nc6 Ra2+ 70. Kf1 Kg3 71. Nd4 f3 72. Nf5+ Kf4 73. Nd4 Ke3 74. Nf5+ Ke4 75. Nd6+ Kf4 76. Nb5 Ra1+ 77. Kf2 Ra2+ 78. Ke1 Ra5 79. Nc3 Kg3 80. Ne4+ Kg2 81. Kd1 f2 0-1

[Event "*** SCC Grand Prix: Titled Tuesday Blitz"]
[Site "Chess.com"]
[Date "2020.06.02"]
[Round "10"]
[White "MashaFromRussia"]
[Black "OnePeculiarConundrum"]
[Result "0-1"]
[WhiteElo "2370"]
[BlackElo "2266"]
[TimeControl "180+1"]
[EndTime "12:00:25 PDT"]
[Termination "OnePeculiarConundrum won by resignation"]

1. d4 d5 2. c4 c6 3. Nf3 Nf6 4. Nc3 dxc4 5. a4 Bf5 6. e3 e6 7. Bxc4 Bb4 8. O-O Nbd7 9. Qe2 Ne4 10. Nxe4 Bxe4 11. Rd1 O-O 12. b3 Nb6 13. Bd3 Bf5 14. e4 Bg6 15. Bg5 Qd7 16. a5 Nc8 17. Ra4 Be7 18. Bf4 Bh5 19. Qe3 Nd6 20. Ne5 Qe8 21. Rc1 f6 22. Nf3 Rd8 23. a6 b5 24. Ra2 Nc8 25.
Rac2 Bxf3 26. gxf3 e5 27. dxe5 fxe5 28. Bxe5 c5 29.
Bg3 Qd7 30. Be2 Qc6 31. f4 Qxa6 32. e5 Qb6 33. Bg4 a6 34. f5 Na7 35. Qe4 Qc6 36. Bf3 Qxe4 37. Bxe4 Rd4 38. f3 Bg5 39. Ra1 Be3+ 40.
Kg2 c4 41. bxc4 bxc4 42. Rxa6 Nb5 43. Rc6 c3 44. e6 Rd2+ 45. Kh3 Rxc2 46. Bxc2 Nd4 47.
Rxc3 Bd2 48. Rd3 Nxc2 49. Rxd2 Ne3 50. Rd7 Nxf5 51. Kg2 Re8 52. f4 Rxe6 53. Kf3 Re7 54. Rd8+ Kf7 55. Kg4 g6 56. h4 Kf6 57. Bf2 h5+ 58. Kf3 Rb7 59. Rf8+ Kg7 60. Rc8 Rb3+ 61. Ke4 Rh3 62. Rc7+ Kh6 63. Bc5 Ng3+ 64. Ke5 g5 65.
fxg5+ Kg6 66. Rc6+ Kf7 67. Rf6+ Kg7 68. Bf8+ Kg8 69.
g6 Rxh4 70. g7 Rg4 71. Kd6 Ne4+ 72. Ke6 Nxf6 73. Kxf6 h4 74. Be7 Rxg7 75. Bd6 h3 76. Bh2 Rg2 77. Bd6 h2 0-1

[Event "*** SCC Grand Prix: Titled Tuesday Blitz"]
[Site "Chess.com"]
[Date "2020.06.02"]
[Round "10"]
[White "OK97"]
[Black "mbojan"]
[Result "1/2-1/2"]
[WhiteElo "2769"]
[BlackElo "2645"]
[TimeControl "180+1"]
[EndTime "12:00:32 PDT"]
[Termination "Game drawn by repetition"]

1. Nf3 Nf6 2. c4 g6 3. Nc3 d5 4. cxd5 Nxd5 5. h4 Bg7 6. e4 Nxc3 7. dxc3 Qxd1+ 8. Kxd1 Bg4 9. Kc2 Nd7 10. Be3 O-O 11.
Nd2 Be6 12. h5 Rfd8 13. f3 Ne5 14. hxg6 hxg6 15. Be2 b6 16. a4 a5 17. Rh4 Bf6 18.
Rh2 Bg7 19. Rah1 Rd6 20. Nb3 Bc4 21. Nc1 Bxe2 22. Nxe2 Nc4 23. Bc1 Rad8 24. b3 Rd2+ 25. Bxd2 Rxd2+ 26. Kc1 Rxe2 27. bxc4 Be5 28. Rh4 Rxg2 29.
Rd1 Bxc3 30. Rd8+ Kg7 31. Rhh8 Kf6 32. Rhe8 Bb4 33. f4 g5 34. e5+ Kf5 35. fxg5 Rxg5 36. Rf8 Ke6 37. Rc8 Rxe5 38. Rxc7 Bc5 39. Rc6+ Bd6 40. Rcc8 Re2 41. Kd1 Ra2 42. Rc6 Rxa4 43. Rxb6 Rxc4 44. Ra8 Rc5 45. Rba6 Rd5+ 46. Ke2 Re5+ 47.
Kd3 f5 48. Rxa5 Rxa5 49. Rxa5 Kf6 50. Kd4 Ke6 51. Ra6 Kf6 52. Kd5 f4 53. Ke4 Ke6 54.
Ra5 Kf6 55. Rh5 Ke6 56. Rh6+ Kf7 57. Kf5 Kg7 58. Rg6+ Kf7 59. Rg2 Ke8 60. Ke6 Kd8 61.
Rc2 Bc7 62. Rd2+ Bd6 63. Rc2 Bc7 64. Ra2 Bd6 65. Rb2 Kc7 66. Kd5 Kd7 67. Rb7+ Bc7 68. Ra7 e6+ 69. Ke4 Kc6 70. Ra6+ Kd7 71. Ra2 Bd6 72. Rd2 Ke7 73. Rf2 Kf6 74. Rf3 Ke7 75. Rf1 Kf6 76. Rg1 Kf7 77. Rg4 Kf6 78. Rg2 Kf7 79. Rd2 Ke7 80. Kf3 Kd7 81. Ke4 Ke7 1/2-1/2

[Event "*** SCC Grand Prix: Titled Tuesday Blitz"]
[Site "Chess.com"]
[Date "2020.06.02"]
[Round "10"]
[White "GMSrinath"]
[Black "LionTheLeon_06"]
[Result "1-0"]
[WhiteElo "2796"]
[BlackElo "2686"]
[TimeControl "180+1"]
[EndTime "12:00:35 PDT"]
[Termination "GMSrinath won by resignation"]

1. e4 c5 2. Nf3 d6 3. Bb5+ Bd7 4. c4 Nf6 5. Nc3 g6 6. d4 cxd4 7. Nxd4 Bg7 8. O-O O-O 9. Re1 Nc6 10. Bxc6 bxc6 11. c5 dxc5 12. Nb3 c4 13. Nc5 Bg4 14.
Qa4 Nd7 15. Qxc4 Nxc5 16. Qxc5 Qd6 17. Be3 Rab8 18. Qg5 Be6 19. Bf4 Qb4 20. Bxb8 Rxb8 21. Qg3 Bd4 22. h4 c5 23. Re2 h5 24. Nd5 Bxd5 25.
exd5 Rd8 26. Qf3 Qb7 27. Rd1 Kf8 28. Rde1 Qxd5 29. Qxd5 Rxd5 30. Rxe7 Bxb2 31. Rxa7 Bd4 32. Rc7 Rd6 33. Re2 Ra6 34. g3 Ra3 35. Kg2 Ra6 36. a4 Rxa4 37. Ree7 Kg8 38. Rxf7 Ra2 39. Rf3 Rb2 40. Re7 Ra2 41. Rc7 Rb2 42. Kf1 Ra2 43. Re7 Rb2 44. Re2 Rb1+ 45. Kg2 Kg7 46. Re7+ Kg8 47.
Re6 Kg7 48. Ra3 Rb7 49. Raa6 Rb2 50. Rxg6+ Kf7 51. Rgd6 Bxf2 52. Kf3 Bd4 53. Rd7+ Ke8 54. Rh7 Rb8 55. Ke4 Kf8 56. Rxh5 Rc8 57. Kd5 Rd8+ 58. Kc4 Rc8 59. Rf5+ Kg8 60. Rg5+ Kh7 61. Ra7+ Kh6 62.
Ra6+ Kh7 63. g4 Rb8 64. Rh5+ Kg7 65. Rg5+ Kh7 66. h5 Rb4+ 67. Kd5 Rb7 68. Rgg6 Rd7+ 69. Kc4 Be3 70. Rgd6 Re7 71. Re6 Rxe6 72. Rxe6 Bd4 73. g5 Kg7 74. Re7+ Kf8 75. Rb7 Kg8 76. g6 Be3 77. Kd5 Bd2 78. Kxc5 Be3+ 79. Kd5 Bd2 80. Ke4 Bc1 81. Kf5 Bd2 82. Kf6 Bc3+ 83.
Kf5 Bd2 84. Rc7 Be3 85. Rc4 Kh8 86. Kf6 Bh6 87. Rc8+ 1-0

[Event "*** SCC Grand Prix: Titled Tuesday Blitz"]
[Site "Chess.com"]
[Date "2020.06.02"]
[Round "10"]
[White "Pavel_Mir"]
[Black "Machidon"]
[Result "0-1"]
[WhiteElo "2302"]
[BlackElo "2515"]
[TimeControl "180+1"]
[EndTime "12:00:35 PDT"]
[Termination "Machidon won by resignation"]

1. e4 c6 2. d4 d5 3. e5 Bf5 4. Nf3 e6 5. Be2 Ne7 6. O-O Nd7 7. c3 h6 8. Nbd2 g5 9. Ne1 Bg7 10. f4 f6 11. Bh5+ Kf8 12. Ndf3 Kg8 13. exf6 Nxf6 14. Ne5 Nxh5 15. Qxh5 Bxe5 16. fxe5 Qe8 17.
Qe2 Qg6 18. g4 Be4 19. Rf6 Qg7 20. Nd3 Rf8 21. Rxf8+ Qxf8 22. Nc5 Bf3 23. Qf2 Bxg4 24. Qxf8+ Kxf8 25. Nxb7 Nf5 26. Nc5 Ke7 27. b3 Rg8 28. Ba3 Kf7 29. Nb7 h5 30. Nd6+ Kg6 31. Bc5 Rg7 32.
a4 h4 33. Ne8 Rf7 34. Nf6 Nh6 35. b4 a6 36. Rb1 Be2 37. Rb2 Bc4 38. Rf2 g4 39. Ne8 Nf5 40. Nd6 Rh7 41. Nxf5 exf5 42. e6 Kf6 43. e7 Rh8 44. Rd2 f4 45. Rf2 Kg5 46. Bd6 f3 47. h3 Re8 48. hxg4 Kxg4 49.
Kh2 Bd3 50. Rd2 Be4 51. Rd1 f2 52. Rc1 Kf3 53. Rb1 Ke2 54. Rb2+ Ke1 55. Ra2 f1=Q 56. Ra1+ Ke2 57. Rxf1 Kxf1 58. Kh3 Ke2 59. Kxh4 Kd3 60. Kg5 Kxc3 61. Kf6 Kxd4 62. Kf7 Rc8 63. e8=Q Bg6+ 64.
Kxg6 Rxe8 65. Kf7 Re4 66. Bc5+ Kc4 67. a5 Kb5 68. Kf6 d4 69. Kf5 Re1 70. Bxd4 Kxb4 71. Bb6 Rd1 72. Kf4 Rd5 73. Ke3 Rxa5 74. Bxa5+ Kxa5 75. Kd4 Kb4 76. Kd3 c5 77. Kc2 Kc4 78. Kb2 Kd3 79.
Ka3 c4 0-1